 Dungeon Crawl Stone Soup version 0.31.0-32-g396128a36d (webtiles) character file.

Game seed: 14433719880702760888

30 AdnanSaban the Trooper (level 3, -4/24 HPs)
             Began as a Gargoyle Fighter on Apr 18, 2024.
             Killed from afar by Ijyb (11 damage)
             ... with a puff of flame
             ... on level 3 of the Dungeon.
             The game lasted 00:00:46 (1165 turns).

AdnanSaban the Trooper (Gargoyle Fighter)           Turns: 1165, Time: 00:00:47

Health: -4/24      AC: 11    Str: 21    XL:     3   Next: 18%
Magic:  3/3        EV:  9    Int:  8    God:
Gold:   70         SH:  4    Dex:  9    Spells: 2/2 levels left

rFire   . . .        a - +0 flail
rCold   . . .        c - +0 buckler
rNeg    + . .        b - +0 scale mail
rPois   ∞            j - +0 helmet
rElec   +            (no cloak)
rCorr   .            (no gloves)
SInv    .            (no boots)
Will    .....        (no amulet) Stlth
                     (no ring)
HPRegen 0.24/turn    (no ring)
MPRegen 0.08/turn

%: no passive effects
@: no status effects
A: sickness immunity, AC +3, negative energy resistance 1, electricity
resistance, torment resistance 1, petrification resistance
a: no special abilities


You were on level 3 of the Dungeon.
You visited 1 branch of the dungeon, and saw 3 of its levels.

You collected 70 gold pieces.

Inventory:

Hand Weapons
 a - a +0 flail (weapon)
Missiles
 e - 6 atropa-tipped darts (quivered)
 h - 4 poisoned darts
Armour
 b - a +0 scale mail (worn)
 c - a +0 buckler (worn)
 j - a +0 helmet (worn)
Jewellery
 l - a ring of flight
Scrolls
 f - a scroll of immolation {unknown}
 i - 2 scrolls of teleportation {unknown}
 m - a scroll of noise {unknown}
 n - 3 scrolls of fog {unknown}
 q - 2 scrolls of identify {unknown}
Potions
 d - a potion of might
 g - 3 potions of curing {unknown}
 k - a potion of enlightenment {unknown}
 o - 2 potions of degeneration {unknown}
 p - a potion of heal wounds {unknown}
 r - a potion of haste {unknown}
 s - 2 potions of resistance {unknown}


   Skills:
 + Level 3.8 Fighting
 + Level 2.3 Maces & Flails
 + Level 3.6 Armour
 + Level 0.1 Dodging
 + Level 3.5 Shields


You had 2 spell levels left.
You didn't know any spells.
Your spell library contained the following spells:

 Spells                   Type           Power      Damage    Failure   Level
 Slow                     Hex            0%         N/A       82%         1
 Confusing Touch          Hex            0%         N/A       99%         3
 Sigil of Binding         Hex            0%         N/A       99%         3
 Vampiric Draining        Necr           0%         2d6       99%         3


Dungeon Overview and Level Annotations

Branches:
Dungeon (3/15)

Altars:

Annotations:
D:3 Ijyb


Innate Abilities, Weirdness & Mutations

You are immune to sickness and miasma.
Your stone body is resilient. (AC +3)
You are immune to poison.
You resist negative energy. (rN+)
You are resistant to electric shocks. (rElec)
You are resistant to unholy torment.
You are immune to petrification.


Message History

Ijyb hits you but does no damage.
You hit Ijyb.
Ijyb is heavily wounded.
Ijyb zaps a wand.
The puff of flame hits you.
You barely miss Ijyb.
Ijyb is heavily wounded.
Ijyb hits you but does no damage.
Ijyb hits you with a +1 dagger of electrocution.
You barely miss Ijyb.
Ijyb is heavily wounded.
Ijyb hits you but does no damage.
You hit Ijyb but do no damage.
Ijyb is heavily wounded.
Ijyb zaps a wand.
The puff of flame hits you!
* * * LOW HITPOINT WARNING * * *
You are too injured to fight recklessly!
You are too injured to fight recklessly!
You are too injured to fight recklessly!
You are too injured to fight recklessly!
You are too injured to fight recklessly!
You are too injured to fight recklessly!
You are too injured to fight recklessly!
You are too injured to fight recklessly!
You are too injured to fight recklessly!
You are too injured to fight recklessly!
You are too injured to fight recklessly!
You are too injured to fight recklessly!
You are too injured to fight recklessly!
You are too injured to fight recklessly!
You are too injured to fight recklessly!
You are too injured to fight recklessly!
You hit Ijyb but do no damage.
Ijyb is heavily wounded.
Ijyb hits you but does no damage. Ijyb screams, "I dance on your bones!"
Ijyb completely misses you.
You closely miss Ijyb.
Ijyb is heavily wounded.
Ijyb zaps a wand.
The puff of flame hits you!
You die...

.... #.#.#### K ....
###...#.. ..
$..###.......# ...
............## .
..###............# . ...
...............#..
.....###.....>..........
......g@.........<.....#
...#.###.............###
#........^.......
####..........#..
#..........# .
#..........#
#..........#
#..........#
##........##


You could see Ijyb.

Vanquished Creatures
  2 bats
  5 endoplasms
  4 giant cockroaches
  3 goblins
  2 hobgoblins
  A kobold (D:2)
  2 quokkas
  2 ball pythons (D:1)
  2 rats
23 creatures vanquished.

Notes
Turn   | Place    | Note
-------+----------+-------------------------------------------
     0 | D:1      | AdnanSaban the Gargoyle Fighter began the quest for the
                  | Orb.
     0 | D:1      | Reached XP level 1. HP: 14/14 MP: 1/1
   298 | D:1      | Reached XP level 2. HP: 19/19 MP: 2/2
   930 | D:2      | Reached XP level 3. HP: 24/24 MP: 3/3
  1151 | D:3      | Noticed Ijyb
  1165 | D:3      | Killed from afar by Ijyb

Illustrated notes

Levels and vault maps discovered:
D:1:      lightli_arrival_windingriver, layout_loops_cross
D:2:      layout_rooms
D:3:      layout_rooms, okawaru_gym_becter, minmay_misc_feat_room, uniq_ijyb,
          uniq_grinder, uniq_terence

Action                     || total
---------------------------++-------
  Melee: Flail             ||    73
 Armour: Scale mail        ||    42
  Dodge: Dodged            ||    29
  Block: Buckler           ||    13
